 Dungeon Crawl Stone Soup version 0.19-a0-1007-g133f65f (webtiles) character file.

58 nextgen the Skirmisher (level 3, -5/26 HPs)
             Began as a High Elf Fighter on July 19, 2016.
             Killed by nerve-wracking pain
             ... invoked by Grinder
              (10 damage)
             ... on level 3 of the Dungeon.
             The game lasted 00:01:46 (2078 turns).

nextgen the Skirmisher (High Elf Fighter)           Turns: 2078, Time: 00:01:47

Health: -5/26      AC:  7    Str: 16    XL:     3   Next: 76%
Magic:  4/4        EV: 12    Int: 12    God:
Gold:   87         SH:  9    Dex: 19    Spells: 0 memorised, 2 levels left

rFire  . . .     SeeInvis .     a - +0 long sword
rCold  . . .     Gourm    .     b - +0 scale mail
rNeg   . . .     Faith    +     c - +0 shield
rPois  .         Spirit   .     (no helmet)
rElec  .         Dismiss  .     n - +0 cloak
rCorr  .         Reflect  .     (no gloves)
SustAt .         Harm     .     (no boots)
MR     .....                    s - amulet of faith
Stlth  +.........               (no ring)
                                (no ring)

@: agile, not resistant to hostile enchantments, very unstealthy
A: no striking features
a: no special abilities


You were on level 3 of the Dungeon.
You were not hungry.

You visited 1 branch of the dungeon, and saw 3 of its levels.

You collected 87 gold pieces.

Inventory:

Hand Weapons
 a - a +0 long sword (weapon)
Armour
 b - a +0 scale mail (worn)
 c - a +0 shield (worn)
 n - a +0 cloak (worn)
Jewellery
 s - an amulet of faith (around neck)
 t - an uncursed ring of protection from magic {unknown}
 v - an uncursed ring of protection from fire {unknown}
Scrolls
 e - 3 scrolls of identify {unknown}
 m - a scroll of magic mapping {unknown}
 o - a scroll of enchant weapon {unknown}
 r - a scroll of recharging {unknown}
Potions
 d - a potion of might
 g - a potion of agility
 h - 2 potions of degeneration {unknown}
 i - a potion of heal wounds {unknown}
 k - a potion of curing {unknown}
 p - a potion of resistance {unknown}
 q - 2 potions of berserk rage {unknown}
 u - a potion of invisibility {unknown}
Comestibles
 f - 2 bread rations
 j - 6 fruits
 l - 2 meat rations


   Skills:
 + Level 3.6 Fighting
 * Level 3.4 Long Blades
 + Level 2.9 Armour
 + Level 0.9 Dodging
 + Level 2.9 Shields


You had 2 spell levels left.
You didn't know any spells.

Dungeon Overview and Level Annotations

Branches:
Dungeon (3/15)

Altars:
Ashenzari

Annotations:
D:3 Grinder


Message History

You see here a goblin corpse.
A giant cockroach and a kobold come into view.
The kobold shouts!
You block Grinder's attack.
You hit Grinder.
Grinder is almost dead.
Grinder hits you!
You writhe in agony.
* * * LOW HITPOINT WARNING * * *
A quokka comes into view.
You are too injured to fight recklessly!
You are too injured to fight recklessly!
You are too injured to fight recklessly!
Unknown command.
You are too injured to fight recklessly!
It was a potion of agility.
You feel agile all of a sudden.
The giant cockroach bites you but does no damage.
Grinder gestures at you. Pain shoots through your body!
You die...

..# ... ... ## ...
..# .... #(# ..# #..#
#.# ..# #..# #.# K.
#..# #.# .#
#..#######.##s####.#
##..........†@.!...r.
#.............5.###.#
#<........###...#
#............# ....#
#.##.........# #...#
# #............##>#
#.........#.# .#
#..........#.. .#
#.........#...


You could see Grinder, a quokka (wandering), a giant cockroach and a kobold.

Vanquished Creatures
  An adder (D:2)
  4 dart slugs
  5 bats
  4 goblins
  6 hobgoblins
  6 jackals (D:1)
  A quokka (D:2)
  6 kobolds
  5 rats
38 creatures vanquished.

Notes
Turn   | Place    | Note
-------+----------+-------------------------------------------
     0 | D:1      | nextgen the High Elf Fighter began the quest for the Orb.
     0 | D:1      | Reached XP level 1. HP: 16/16 MP: 2/2
   165 | D:1      | Reached XP level 2. HP: 13/21 MP: 3/3
   581 | D:1      | Reached XP level 3. HP: 17/26 MP: 4/4
  1885 | D:2      | Found a shattered altar of Ashenzari.
  2062 | D:3      | Noticed Grinder
  2078 | D:3      | Killed from afar by Grinder

Vault maps used:
D:1:      dpeg_arrival_court
D:2:      first_bread, grunt_ashenzari_visionary
D:3:      old_standard_altar, grunt_decor_mini_mirrors, uniq_grinder

Skill      XL: |  1  2  3 |
---------------+----------+-----
Long Blades    | 3 |  3.4
Fighting       | |  3.6
Armour         | |  2.9
Dodging        | |  0.9
Shields        | |  2.9

Action                   || total
-------------------------++-------
Melee: Long sword        ||   132
  Use: Potion            ||     1
  Eat: Pizza             ||     2
       Chunk             ||     1
Armor: Scale mail        ||    75
Dodge: Dodged            ||    40
Block: Shield            ||    67
